Cogmind - Beta 12 @@@ ROGUE MODE // 2023.04.11 @ 22:27:19 Player: Dingleton Result: Destroyed by G-47 Trooper with Particle Gun Performance ------------- Evolutions (2) 1000 Regions Visited (6) 1200 Robots Destroyed (7) 35 Value Destroyed (113) 113 Prototype IDs (3) 60 Alien Tech Used (0) 0 Bonus (500) 500 TOTAL SCORE: 2908 Bonus ------- Entered Garrisons 200 Aligned with FarCom 300 Cogmind --------- Core Integrity 0/550 Matter 225/300 Energy 100/100 System Corruption 2% Temperature Cool (12) Movement Flying (40) Location -8/Garrison Parts ------- > --- POWER (1) -------- (None) > --- PROPULSION (3) --- Xenon Bombardment Thruster > --- UTILITY (5) ------ Weapon Cycler Hacking Suite > --- WEAPON (2) ------- (None) > --- INVENTORY (5) ---- Experimental Sensor Array Shield Generator Hacking Suite Heavy Flail Peak State ------------ > --- POWER ------------ Ion Engine > --- PROPULSION ------- Xenon Bombardment Thruster > --- UTILITY ---------- Small Storage Unit Improved Sensor Array Weapon Cycler Shield Generator Hacking Suite > --- WEAPON ----------- Assault Rifle Datajack > --- INVENTORY -------- Xenon Bombardment Thruster Experimental Sensor Array Shield Generator Hacking Suite High-powered Tractor Beam [Rating: 22] Favorites ----------- Power Ion Engine Engine Ion Engine Propulsion Wheel Treads Armored Treads Wheel Wheel Flight Unit Xenon Bombardment Thruster Utility Small Storage Unit Device Weapon Cycler Storage Small Storage Unit Processor Terrain Scan Processor Hackware Hacking Suite Weapon Assault Rifle Energy Gun EM Pulse Gun Ballistic Gun Assault Rifle Impact Weapon Heavy Flail Special Melee Weapon Datajack Build | -11 -10 -10 -10 -9 -8 -8 ------- Run | Jun Mat Min Exi Min Mat Gar Slots Evolved 4 | . . . . . 4 . Power . | . . . . . . . Propulsion 1 | . . . . . 1 . Utility 3 | . . . . . 3 . Weapon . | . . . . . . . Parts Attached 20 | 6 2 . . . 10 2 Power 1 | 1 . . . . . . Engine 1 | 1 . . . . . . Core . | . . . . . . . Reactor . | . . . . . . . Propulsion 6 | 2 . . . . 2 2 Treads 2 | . . . . . 1 1 Leg . | . . . . . . . Wheel 2 | 2 . . . . . . Hover . | . . . . . . . Flight 2 | . . . . . 1 1 Utility 9 | 1 2 . . . 6 . Device 6 | . 1 . . . 5 . Storage 1 | 1 . . . . . . Processor 1 | . . . . . 1 . Hackware 1 | . 1 . . . . . Protection . | . . . . . . . Artifact . | . . . . . . . Weapon 4 | 2 . . . . 2 . Energy Gun 1 | 1 . . . . . . Energy Cannon . | . . . . . . . Ballistic Gun 1 | 1 . . . . . . Ballistic Cannon . | . . . . . . . Launcher . | . . . . . . . Special Weapon . | . . . . . . . Impact Weapon 1 | . . . . . 1 . Slashing Weapon . | . . . . . . . Piercing Weapon . | . . . . . . . Special Melee Weapon 1 | . . . . . 1 . Unidentified Prototypes . | . . . . . . . Parts Lost 10 | . . . . . 9 1 Power 1 | . . . . . 1 . Propulsion 3 | . . . . . 3 . Utility 3 | . . . . . 2 1 Weapon 3 | . . . . . 3 . Highest Loss Streak 9 | . . . . . 9 1 To Critical Strikes . | . . . . . . . Average Slot Usage (%) 91 | . 99 100 100 100 83 27 Engine 11 | . 14 14 14 14 7 . Wheel 23 | . 28 28 28 28 15 . Device 8 | . 5 . . . 25 9 Storage 12 | . 14 14 14 14 9 6 Hackware 11 | . 7 14 14 14 9 9 Energy Gun 11 | . 14 14 14 14 7 . Ballistic Gun 11 | . 14 14 14 14 8 . Naked Turns . | . . . . . . . Heaviest Build 18 | 14 15 14 14 14 18 6 Greatest Support 26 | 26 26 26 26 26 26 6 Greatest Overweight (x) 5 | . . . . . 5 1 Average Overweight (x) . | . . . . . . . Largest Inventory Capacity 8 | 8 8 8 8 8 8 8 Average Capacity 7 | 6 8 8 8 8 8 7 Most Carried 8 | . 6 6 6 8 8 7 Average Carried 6 | . 2 6 6 7 6 6 Final Capacity 8 | 8 8 8 8 8 8 5 Final Carried 8 | . 6 6 6 8 5 4 Class Distribution -------------------- 73% | Mutant 23% | Skirmisher Dominant Class ---------------- Mutant | -10/Materials Mutant | -10/Mines Mutant | -10/Exiles Mutant | -9/Mines Skirmisher | -8/Materials Mutant | -8/Garrison Resources | -11 -10 -10 -10 -9 -8 -8 ----------- Run | Jun Mat Min Exi Min Mat Gar Matter Collected 318 | 151 73 . . 77 17 . Remotely . | . . . . . . . Salvage Created 137 | . 73 . . 31 33 . Parts 14 | . 9 . . 3 2 . Haulers Intercepted . | . . . . . . . Recyclers Shooed . | . . . . . . . Parts Field Recycled . | . . . . . . . Retrieved Matter . | . . . . . . . Parts Self-Destructed . | . . . . . . . Prevented . | . . . . . . . Kills | -11 -10 -10 -10 -9 -8 -8 ------- Run | Jun Mat Min Exi Min Mat Gar Combat Hostiles Destroyed 6 | . 3 . . 2 1 . Guns 5 | . 3 . . 2 . . AOE 1 | . . . . . 1 . Classes Destroyed 3 | . 2 . . . 1 . Operator 1 | . 1 . . . . . Swarmer 5 | . 3 . . 2 . . Grunt 1 | . . . . . 1 . Best Kill Streak 4 | . 4 . . 2 1 . Combat Bots Only 3 | . 3 . . 2 1 . Max Kills in Single Turn 1 | . 1 . . 1 1 . Gunslinging . | . . . . . . . Exploded 1 | . . . . . 1 . Melee . | . . . . . . . Uniques/NPCs Destroyed . | . . . . . . . Combat | -11 -10 -10 -10 -9 -8 -8 -------- Run | Jun Mat Min Exi Min Mat Gar Damage Taken 1196 | . 101 . . 20 618 457 Core 608 | . 51 . . . 224 333 Absorbed by Shields 96 | . . . . . 66 30 Core Remaining (%) 89 | 100 . . . 79 . . Volleys Fired 20 | . 5 . . 2 13 . Largest 2 | . 2 . . 2 2 . Hottest 60 | . 60 . . 60 60 . Shots Fired 35 | . 10 . . 4 21 . Gun 35 | . 10 . . 4 21 . Cannon . | . . . . . . . Launcher . | . . . . . . . Special . | . . . . . . . Kinetic 20 | . 5 . . 2 13 . Thermal . | . . . . . . . Explosive . | . . . . . . . Electromagnetic 15 | . 5 . . 2 8 . Robot Hit Streak 10 | . 3 . . 1 10 . Robot Miss Streak 3 | . 1 . . 2 3 . Penetration Max . | . . . . . . . Secondary Targets . | . . . . . . . Shots Hit Robots 26 | . 6 . . 1 19 . Core Hits 15 | . 4 . . 2 4 5 Critical Kills . | . . . . . . . Critical Parts Destroyed . | . . . . . . . Critical Strikes . | . . . . . . . Melee Attacks 5 | . . . . . 5 . Impact . | . . . . . . . Slashing . | . . . . . . . Piercing . | . . . . . . . Sneak Attacks . | . . . . . . . Combat Hostiles . | . . . . . . . Follow-up Attacks . | . . . . . . . Damage Inflicted 328 | . 78 . . 26 216 8 Guns 320 | . 78 . . 26 216 . Cannons . | . . . . . . . Explosions . | . . . . . . . Melee . | . . . . . . . Ramming 8 | . . . . . . 8 Kinetic 171 | . 41 . . 15 115 . Thermal . | . . . . . . . Explosive . | . . . . . . . Electromagnetic 149 | . 37 . . 11 101 . Impact . | . . . . . . . Slashing . | . . . . . . . Piercing . | . . . . . . . Highest Corruption 2 | . 1 1 1 1 . 2 Average Corruption 1 | . 1 1 1 1 . 2 Corruption Purged . | . . . . . . . Corruption Blocked . | . . . . . . . Effects 7 | . . . 2 4 . 1 Message Errors 2 | . . . . 2 . . Matter Fused 1 | . . . . 1 . . Heat Flow Errors 2 | . . . 1 1 . . Energy Discharges 1 | . . . . . . 1 Alerts 1 | . . . 1 . . . Overload Shots . | . . . . . . . Overflow Damage . | . . . . . . . Projectiles . | . . . . . . . Explosions . | . . . . . . . Melee . | . . . . . . . Knockbacks . | . . . . . . . Impact . | . . . . . . . Kinetic . | . . . . . . . Secondary . | . . . . . . . Self-Inflicted Damage 2 | . . . . . . 2 Shots . | . . . . . . . Rammed 6 | . . . . . . 6 Targets Rammed 6 | . . . . . . 6 Kicked . | . . . . . . . Crushed . | . . . . . . . Highest Temperature 179 | . . . 82 179 34 . Average Temperature 38 | . . . 42 99 12 . Received Heat Transfer 420 | . 12 . . . 114 294 Siege Activations . | . . . . . . . Robots Corrupted . | . . . . . . . Combat Hostiles . | . . . . . . . Parts Fried . | . . . . . . . Impact Corruptions . | . . . . . . . Robots Melted . | . . . . . . . Combat Hostiles . | . . . . . . . Parts Melted . | . . . . . . . Heat Transferred . | . . . . . . . Parts Sabotaged . | . . . . . . . Parts Stolen . | . . . . . . . Parts Stripped . | . . . . . . . Power Chain Reactions . | . . . . . . . Missiles Intercepted . | . . . . . . . Alert | -11 -10 -10 -10 -9 -8 -8 ------- Run | Jun Mat Min Exi Min Mat Gar Peak Influence 75 | . 75 28 . 50 20 19 Initial 28 | . . 28 . . . 19 Average 25 | . 59 28 . 46 3 16 Maximum Alert Level . | . . . . . . . Low Security (%) 100 | 100 100 100 . 100 100 100 Level 1 . | . . . . . . . Level 2 . | . . . . . . . Level 3 . | . . . . . . . Level 4 . | . . . . . . . Level 5 . | . . . . . . . High Security . | . . . . . . . Max Security . | . . . . . . . Squads Dispatched 3 | . 2 . . . 1 . Investigation 3 | . 2 . . . 1 . Extermination . | . . . . . . . Reinforcement . | . . . . . . . Assault . | . . . . . . . Garrison . | . . . . . . . Intercept . | . . . . . . . Searches Triggered . | . . . . . . . Construction Impeded . | . . . . . . . Haulers Reinforced . | . . . . . . . Active Scanning Responses . | . . . . . . . Cargo Convoy Interrupts . | . . . . . . . Stealth | -11 -10 -10 -10 -9 -8 -8 --------- Run | Jun Mat Min Exi Min Mat Gar Distress Signals 3 | . 1 . . . 2 . Communications Jammed . | . . . . . . . Distress Signals . | . . . . . . . Times Spotted 17 | . 6 . . 2 7 2 Peak Tracking Total 4 | . 3 . . 2 4 2 Tactical Retreats 1 | . . . . . 1 . Traps | -11 -10 -10 -10 -9 -8 -8 ------- Run | Jun Mat Min Exi Min Mat Gar Traps Triggered 2 | . . . . . . 2 Indirectly . | . . . . . . . Trap Hack Attempts . | . . . . . . . Triggered . | . . . . . . . Disarmed . | . . . . . . . Reprogrammed . | . . . . . . . Reused . | . . . . . . . Traps Extracted . | . . . . . . . Installed . | . . . . . . . Triggered . | . . . . . . . Machines | -11 -10 -10 -10 -9 -8 -8 ---------- Run | Jun Mat Min Exi Min Mat Gar Machines Disabled . | . . . . . . . Max in Single Turn . | . . . . . . . Machines Repaired . | . . . . . . . Machines Sabotaged . | . . . . . . . Overloaded Fab Kills . | . . . . . . . Hacking | -11 -10 -10 -10 -9 -8 -8 --------- Run | Jun Mat Min Exi Min Mat Gar Machines Accessed 11 | . 3 . 3 . 5 . Terminals 5 | . 2 . . . 3 . Fabricators . | . . . . . . . Repair Stations . | . . . . . . . Recycling Units 1 | . 1 . . . . . Scanalyzers 1 | . . . . . 1 . Garrison Access 1 | . . . . . 1 . Total Hacks 55 | . 12 . 26 . 17 . Successful 45 | . 6 . 26 . 13 . Failed 10 | . 6 . . . 4 . Catastrophic 1 | . 1 . . . . . Database Lockouts . | . . . . . . . Manual . | . . . . . . . Terminals 17 | . 8 . . . 9 . Fabricators . | . . . . . . . Repair Stations . | . . . . . . . Recycling Units 4 | . 4 . . . . . Scanalyzers 7 | . . . . . 7 . Garrison Access 1 | . . . . . 1 . Terminal Hacks 38 | . 5 . 26 . 7 . Record 30 | . 2 . 26 . 2 . Prototype ID Bank 1 | . . . . . 1 . Alert Level 1 | . 1 . . . . . Locate Traps 2 | . 1 . . . 1 . Zone Layout 4 | . 1 . . . 3 . Fabricator Hacks . | . . . . . . . Repair Station Hacks . | . . . . . . . Recycling Unit Hacks 1 | . 1 . . . . . Report Inventory 1 | . 1 . . . . . Scanalyzer 5 | . . . . . 5 . Insert Component 2 | . . . . . 2 . Analyze 3 | . . . . . 3 . Garrison Access Hacks 1 | . . . . . 1 . Unlock Access 1 | . . . . . 1 . Unauthorized Hacks . | . . . . . . . Terminals . | . . . . . . . Fabricators . | . . . . . . . Repair Stations . | . . . . . . . Recycling Units . | . . . . . . . Scanalyzers . | . . . . . . . Garrison Access . | . . . . . . . Data Cores Recovered 1 | . 1 . . . . . Used 1 | . 1 . . . . . Hacking Detections 7 | . 2 . . . 5 . Full Trace Events 3 | . 2 . . . 1 . Feedback Events 1 | . 1 . . . . . Corruption 1 | . 1 . . . . . Feedback Blocked . | . . . . . . . Robot Schematics Acquired . | . . . . . . . Robots Built . | . . . . . . . Authchips . | . . . . . . . Time . | . . . . . . . Total Robot Build Rating . | . . . . . . . Part Schematics Acquired 1 | . . . . . 1 . Parts Built . | . . . . . . . Authchips . | . . . . . . . Time . | . . . . . . . Total Part Build Rating . | . . . . . . . Parts Repaired . | . . . . . . . Time . | . . . . . . . Parts Recycled . | . . . . . . . Recycled Matter . | . . . . . . . Retrieved Matter . | . . . . . . . Retrieved Components . | . . . . . . . Parts Scanalyzed 1 | . . . . . 1 . Part Schematics Acquired 1 | . . . . . 1 . Parts Damaged 1 | . . . . . 1 . Bothacking | -11 -10 -10 -10 -9 -8 -8 ------------ Run | Jun Mat Min Exi Min Mat Gar Used RIF Installer . | . . . . . . . Robots Hacked 1 | . . . . . 1 . Non-combat . | . . . . . . . Combat 1 | . . . . . 1 . Robot Hacks Applied 1 | . . . . . 1 . parse_system 1 | . . . . . 1 . Relay Couplers Released . | . . . . . . . Fabnet Peak Effective % . | . . . . . . . Robots Rewired . | . . . . . . . Allies Hacked . | . . . . . . . Hacks Repelled . | . . . . . . . Allies | -11 -10 -10 -10 -9 -8 -8 -------- Run | Jun Mat Min Exi Min Mat Gar Total Allies 1 | . . . . 1 . . Largest Group 1 | . . . . 1 1 . Highest-Rated Group 31 | . . . . 31 31 . Highest-Rated Ally 31 | . . . . 31 31 . Total Orders . | . . . . . . . Ally Attacks 4 | . . . . . 4 . Total Damage 66 | . . . . . 66 . Kills . | . . . . . . . Allies Corrupted . | . . . . . . . Allies Melted . | . . . . . . . Intel | -11 -10 -10 -10 -9 -8 -8 ------- Run | Jun Mat Min Exi Min Mat Gar Robot Analysis Total . | . . . . . . . Derelict Logs Recovered 1 | . . . . 1 . . Drone Launches . | . . . . . . . Drone Recoveries . | . . . . . . . Exploration | -11 -10 -10 -10 -9 -8 -8 ------------- Run | Jun Mat Min Exi Min Mat Gar Turns Passed 2152 | 30 188 58 743 426 599 108 Spaces Moved 2013 | 24 180 48 813 423 446 79 Core 113 | 1 . . . . 43 69 Treads 5 | . . . . . 5 . Legs . | . . . . . . . Wheels 1884 | 23 180 48 813 423 397 . Hover . | . . . . . . . Flight 11 | . . . . . 1 10 Fastest Speed 40 | 50 90 90 90 90 90 40 Average Speed 90 | 88 90 90 90 90 93 85 Slowest Speed 300 | 100 90 90 90 90 300 100 Overloaded Moves . | . . . . . . . Propulsion Burnouts . | . . . . . . . Robots Hopped . | . . . . . . . Cave-ins Triggered . | . . . . . . . Exploration Rate (%) 36 | 3 13 22 92 86 24 14 Regions Visited 6 Branch Regions 3 Pre-discovered Areas 1 | . . . . 1 . . Known Exits Taken 1 | . . . . . 1 . Unknown Exits Taken 5 | 1 1 1 1 1 . . Scrap Searched 4 | . . . . 4 . . Spaces Dug . | . . . . . . . Terrain Destroyed . | . . . . . . . Melee . | . . . . . . . Projectile . | . . . . . . . AOE . | . . . . . . . Terrain Rammed . | . . . . . . . Walls Destroyed . | . . . . . . . Machines Disabled . | . . . . . . . Actions | -11 -10 -10 -10 -9 -8 -8 --------- Run | Jun Mat Min Exi Min Mat Gar Total 2303 | 29 194 62 824 464 609 121 Wait 205 | . 2 15 12 38 127 11 Move 2007 | 23 179 47 812 422 445 79 Hop . | . . . . . . . Pick Up 13 | . 6 . . 2 5 . Fast Attach 10 | 6 1 . . . 3 . Attach 8 | . . . . . 6 2 Detach 3 | . . . . . . 3 Swap 2 | . 1 . . . 1 . Drop 4 | . . . . . 4 . Fire 20 | . 5 . . 2 13 . Melee 5 | . . . . . 5 . Ram 6 | . . . . . . 6 Kick . | . . . . . . . Crush . | . . . . . . . Escape Stasis 20 | . . . . . . 20 Rewire . | . . . . . . . Trap . | . . . . . . . Miscellaneous . | . . . . . . . Route ------- -11/Junkyard -10/Materials -10/Mines (discovered 2 exits: [*Mat] / *Exi) -10/Exiles (discovered 2 exits: [*Min x2]) -9/Mines -8/Materials -8/Garrison History --------- Turn | Location | Event 13 | -11/Junkyard | Discovered new exit (range 15) 31 | -11/Junkyard | Entered Materials 146 | -10/Materials | Discovered new exit (range 16) 201 | -10/Materials | Met 8R-AWN 219 | -10/Materials | Entered Mines 220 | -10/Mines | Followed 8R-AWN into the Mines 236 | -10/Mines | Discovered new exit (range 8) 272 | -10/Mines | Discovered new exit (range 5) 277 | -10/Mines | Entered Exiles 302 | -10/Exiles | Welcomed by 8R-AWN 311 | -10/Exiles | Build established: Mutant 321 | -10/Exiles | Met EX-HEX 350 | -10/Exiles | Met EX-BIN 362 | -10/Exiles | Aligned with FarCom system 363 | -10/Exiles | Given EX-Vault access code 416 | -10/Exiles | Met EX-DEC 676 | -10/Exiles | Discovered new exit (range 10) 746 | -10/Exiles | Visited The Gauntlet 880 | -10/Exiles | Learned about 8R-AWN's background 903 | -10/Exiles | Discovered new exit (range 15) 1020 | -10/Exiles | Entered Mines 1024 | -9/Mines | Escorted by a lone wolf Derelict 1044 | -9/Mines | Learned location of Storage (-9) 1091 | -9/Mines | Learned Materials emergency access door positions 1168 | -9/Mines | Found a damaged Exp. Sensor Array with a note attached 1170 | -9/Mines | Found Prototype Device 1373 | -9/Mines | Discovered new exit (range 5) 1446 | -9/Mines | Entered Materials 1446 | -8/Materials | Accompanied by 1 ally 1446 | -8/Materials | Evolved 4 slots: Propulsion x1, Utility x3 1461 | -8/Materials | Identified Exp. Sensor Array 1748 | -8/Materials | Build established: Skirmisher 2030 | -8/Materials | Lost 9 parts (1p3n2u3w) 2032 | -8/Materials | Identified exit to Garrison 2045 | -8/Materials | Entered Garrison 2066 | -8/Garrison | Triggered checkpoint 2086 | -8/Garrison | Core integrity fell below 50% 2125 | -8/Garrison | Core integrity fell below 20% 2153 | -8/Garrison | Destroyed by G-47 Trooper with Particle Gun Last Messages --------------- Field strength at 70. Field strength at 65. Field strength at 60. Field strength at 55. Field strength at 50. Field strength at 41. Field strength at 36. Field strength at 31. Field strength at 26. Field strength at 21. Field strength at 16. Field strength at 2. Stasis field depleted. Triggered Stasis Trap. A bubble of rippling energy engulfs the area. Field strength at 95. Field strength at 90. Field strength at 81. Field strength at 72. Field strength at 67. Map ----- +----------------------------------------------------+ | ?????????????????????????????????????????????????? | | ?????????????????????????????????????????????????? | | ?????????????????????????????????????????????????? | | ?????????????????????????????????????????????????? | | ?????????????????????????????????????????????????? | | ?????????????????????????????????????????????????? | | ?????????????????????????????????????????????????? | | ?????????????#####???????????????????????????????? | | ????????????## #???????????????????????????????? | | ????????????# ##???????????????????????????????? | | ????????????# #???????????????????????????????? | | ????????????# #???????????????????????????????? | | ????????????#### #???????????????????????????????? | | ???????????????# #???????????????????????????????? | | ???????????????# #?#####??#######????????????????? | | ???????????????# #?# #??#"""""#????????????????? | | ???????????????# ### ##### ##????????????????? | | ???????????????# #????????????????? | | ???????????????# != #????????????????? | | ???????????????# ###############????????????????? | | #####??????????# #??????????????????????????????? | | # #??????????# #??????????????????????????????? | | # ############ #####################??????????? | | # g ^^ #??????????? | | # g #??????????? | | # @ #??????????? | | ################################### #??????????? | | ?????????????????????????????????????????????????? | | ?????????????????????????????????????????????????? | | ?????????????????????????????????????????????????? | | ?????????????????????????????????????????????????? | | ?????????????????????????????????????????????????? | | ???????????????????????????????b?????????????????? | | ???????????????????????????????g???g?????????????? | | ?????????????????????????????????????????????????? | | ?????????????????????????????????????????????????? | | ?????????????????????????????????????????????????? | | ?????????????????????????????????????????????????? | | ?????????????????????????????????g???????????????? | | ?????????????????????????????????g???????????????? | | ?????????????????????????????????????????????????? | | ?????????????????????????????????g???????????????? | | ?????????????????????????????????????????????????? | | ?????????????????????????????????????????????????? | | ?????????????????????????????????????????????????? | | ?????????????????????????????????????????????????? | | ?????????????????????????????????????????????????? | | ?????????????????????????????????????????????????? | | ?????????????????????????????????????????????????? | | ?????????????????????????????????????????????????? | +----------------------------------------------------+ Best States ------------- Heat Dissipation 31 Energy Generation 10 Energy Capacity 250 Matter Stores 300 Matter Capacity 300 Sight Range 16 Robot Scan Range 15 Terrain Scan Range 14 Terrain Scan Density 10 Weapon Cycling 15 Evasion (%) 52 Recoil Reduction 1 Offensive Hacking 10 Item Schematics ----------------- Exp. Sensor Array | -8/Materials | Scanalyzed Robot Schematics ------------------ None Fabricated ------------ Nothing Alien Tech Used ----------------- None Achievements -------------- Dynamic Key Librarian Challenges ------------ None Game ------ Seed CoolingShieldNanoactuators Manual? 0 Play Time 00:38:01 Cumulative 6.3 hours Start 2023.04.11 @ 21:32:37 End 2023.04.11 @ 22:27:19 Sessions 1 Manual Loads 0 Difficulty Rogue Special Mode None Game No. 11 Rogue 11 Adventurer 0 Explorer 0 Win Type - Total 0 Types 0/0/0/0/0/0/0/0/0 Lore% 9 Gallery% 8 Achievement% 8 Wizard Run 0 Options --------- ASCII 0 Keyboard 0 Movement Mouse Keybinds 0 Fullscreen 1 Font 18/SmallcapsGlow Map View 76x50 Tactical HUD 0 Map Filters NONE Filters NONE Steam 1 RUN: 8b360c31-0ce7-496b-911f-ec50c2d3a58d